 Dungeon Crawl Stone Soup version 0.22-a0-479-gc6e99f3 (webtiles) character file.

436 Gildeon the Caller (level 6, -1/45 HPs)
             Began as a Demigod Summoner on June 13, 2018.
             Slain by an orc wizard
             ... wielding a +0 dagger
              (3 damage)
             ... on level 7 of the Dungeon on June 14, 2018.
             The game lasted 00:30:46 (3638 turns).

Gildeon the Caller (Demigod Summoner)               Turns: 3638, Time: 00:30:47

Health: -1/45      AC:  5    Str: 13    XL:     6   Next: 40%
Magic:  7/14       EV: 13    Int: 21    God:
Gold:   140        SH:  0    Dex: 16    Spells: 3/12 levels left

rFire    . . .     SeeInvis +   d - +3 quarterstaff (chaos)
rCold    . . .     Gourm    .   (shield currently unavailable)
rNeg     . . .     Faith    .   a - +0 robe
rPois    .         Spirit   .   q - +0 helmet
rElec    .         Reflect  .   e - +1 cloak
rCorr    .         Harm     .   (no gloves)
MR       .....                  (no boots)
Stlth    ++........             h - amulet of regeneration
HPRegen  0.55/turn              r - ring of see invisible
MPRegen  0.14/turn              (no ring)

@: lethally poisoned (-1 -> -1)
A: high mp 1
a: no special abilities


You were on level 7 of the Dungeon.
You were hungry.

You visited 1 branch of the dungeon, and saw 6 of its levels.
You also visited: Sewer.

You collected 140 gold pieces.

Inventory:

Hand Weapons
 d - a +3 quarterstaff of chaos (weapon)
Armour
 a - a +0 robe (worn)
 e - a +1 cloak (worn)
 q - a +0 helmet (worn)
Magical Staves
 j - an uncursed staff of air
Jewellery
 h - an amulet of regeneration (around neck)
 r - a ring of see invisible (left hand)
Wands
 g - a wand of flame (1)
 p - a wand of iceblast (5)
 s - a wand of paralysis (22)
Scrolls
 l - 3 scrolls of teleportation
Potions
 b - a potion of heal wounds
 f - a potion of lignification {unknown}
 i - a potion of haste {unknown}
 m - 3 potions of flight {unknown}
 n - 2 potions of invisibility {unknown}
 o - a potion of magic {unknown}
Comestibles
 c - a ration
 k - 10 chunks of flesh


   Skills:
 - Level 2.5 Dodging
 - Level 2.6 Stealth
 + Level 3.6 Spellcasting
 + Level 2.0 Hexes
 - Level 5.0 Summonings
 + Level 1.4 Evocations


You had 3 spell levels left.
You knew the following spells:

 Your Spells              Type           Power        Failure   Level  Hunger
a - Summon Small Mammal   Summ           ###.         1%          1    None
b - Call Imp              Summ           ###.....     2%          2    ##.....
c - Call Canine Familiar  Summ           ###.....     4%          3    ###....
d - Summon Guardian Gole  Hex/Summ       ###.....     9%          3    ###....

Your spell library contained the following spells:

 Spells                   Type           Power        Failure   Level  Hunger
 Summon Ice Beast         Ice/Summ       ##......     41%         4    ####...
 Summon Lightning Spire   Summ/Air       ##......     41%         4    ####...


Dungeon Overview and Level Annotations

Branches:
Dungeon (7/15)
 Temple: D:4-7


Innate Abilities, Weirdness & Mutations

You have an increased reservoir of magic. (+10% MP)


Message History

Your quokka barely misses the orc wizard.
Your quokka bites the orc wizard but does no damage.
The orc wizard casts a spell at you. The magic dart hits you!
* * * LOW HITPOINT WARNING * * *
There is a stone staircase leading down here.
Your quokka bites the orc wizard.
The orc wizard begins to cast a cantrip, but forgets the words!
You climb downwards.
There is a stone staircase leading up here.
You barely miss the orc wizard.
The orc wizard is lightly wounded.
You feel sick.
The orc wizard gestures at you while chanting.
The puff of flame misses you. The orc wizard hits you with a dagger.
* * * LOW HITPOINT WARNING * * *
You hit the orc wizard.
The orc wizard is lightly wounded.
The orc wizard hits you with a dagger.
You die...

# . #. #.#
#.######
##......##
#....o...##
#...@....##
##........##
#..........###
#...#.........#
#..###......>.#
...#
###........
.... ......###
... ....###
....##


You could see an orc wizard.

Vanquished Creatures
  A water moccasin (D:6)
  Crazy Yiuf (D:2)
  An orc wizard (D:4)
  Jessica (D:2)
  Ijyb (D:4)
  A worker ant (D:4)
  6 adders
  A worm (D:4)
  A dart slug (D:3)
  3 leopard geckos
  3 orcs
  A ball python (Sewer)
  4 giant cockroaches
  3 hobgoblins
  2 jackals
  A quokka (D:2)
  7 bats
  2 frilled lizards
  4 kobolds
  A leopard gecko skeleton (D:4)
  A rat (D:3)
46 creatures vanquished.

Vanquished Creatures (collateral kills)
  The ghost of Laiders72 the Ruffian, an amateur DrTm (D:3)
  2 orc wizards
  3 adders
  A shadow imp (D:2)
  A worm (D:3)
  3 leopard geckos
  8 orcs
  2 giant cockroaches
  3 goblins
  3 hobgoblins
  3 jackals (Sewer)
  4 kobolds
  3 ball pythons
  3 bats
  2 frilled lizards (Sewer)
  3 rats
45 creatures vanquished.

Vanquished Creatures (others)
  An orc (D:3)
1 creature vanquished.

Grand Total: 92 creatures vanquished

Notes
Turn   | Place    | Note
-------+----------+-------------------------------------------
     0 | D:1      | Gildeon the Demigod Summoner began the quest for the Orb.
     0 | D:1      | Reached XP level 1. HP: 14/14 MP: 5/5
  1081 | D:2      | Found a runed door.
  1085 | D:2      | Noticed Crazy Yiuf
  1126 | D:2      | Killed Crazy Yiuf
  1126 | D:2      | Reached skill level 4 in Summonings
  1126 | D:2      | Reached XP level 2. HP: 10/20 MP: 0/7
  1138 | D:2      | Learned a level 2 spell: Call Imp
  1373 | D:2      | Reached XP level 3. HP: 26/26 MP: 9/9
  1382 | D:2      | Learned a level 3 spell: Call Canine Familiar
  1387 | D:2      | Noticed Jessica
  1391 | D:2      | Killed Jessica
  1602 | D:2      | Reached XP level 4. HP: 33/33 MP: 10/10
  1973 | D:3      | Found a glowing drain.
  1998 | Sewer    | Entered a sewer
  2487 | D:3      | Noticed Laiders72's ghost (amateur DrTm)
  2591 | D:2      | Upgraded the game from 0.22-a0-469-gf26638a to 0.22-a0-479-gc6e99f3
  2759 | D:3      | Found an ancient bone altar of Kikubaaqudgha.
  2874 | D:3      | Killed Laiders72's ghost
  2874 | D:3      | Reached XP level 5. HP: 32/38 MP: 3/12
  2879 | D:3      | Learned a level 3 spell: Summon Guardian Golem
  3181 | D:3      | Found a hazy altar of Hepliaklqana.
  3445 | D:4      | Reached skill level 1 in Hexes
  3492 | D:4      | Reached skill level 5 in Summonings
  3499 | D:4      | Noticed Ijyb
  3543 | D:4      | Killed Ijyb
  3577 | D:4      | Reached XP level 6. HP: 40/45 MP: 11/14
  3591 | D:4      | You fall through a shaft for 3 floors!
  3608 | D:6      | Noticed a water moccasin
  3616 | D:6      | Killed a water moccasin
  3616 | D:6      | Reached skill level 1 in Evocations
  3637 | D:7      | HP: 2/45 [orc wizard/dagger (4)]
  3638 | D:7      | Slain by an orc wizard

Vault maps used:
D:1:      scummos_arrival_gate
D:2:      uniq_crazy_yiuf_cottage, uniq_jessica
D:3:      marbit_many_paths, lemuel_coloured_pillars_altar,
          cheibrodos_sewer_entry_drain
D:4:      lemuel_round_altar, lemuel_doored_altar, first_ration, serial_shops,
          shop, serial_glass, glass_columns_b, glass_columns_a,
          item_on_display_a, feat_on_display, uniq_ijyb
D:6:      vehumet_altar_wand_db, kennysheep_mini
Sewer:    sewer_fruit_machine

Skill      XL: |  1  2  3  4  5  6 |
---------------+-------------------+-----
Stealth        | 2 |  2.6
Spellcasting   | 2 3 |  3.6
Summonings     | 4 5 |  5.0
Dodging        | 2 |  2.5
Hexes          | 1 2 |  2.0
Evocations     | 1 |  1.4

Action                   |  1- 3 |  4- 6 || total
-------------------------+-------+-------++-------
Melee: Unarmed           |    12 |       ||    12
       Quarterstaff      |    26 |    88 ||   114
 Cast: Summon Small Mamm |    37 |    48 ||    85
       Call Imp          |     4 |     6 ||    10
       Call Canine Famil |     2 |    12 ||    14
       Summon Guardian G |       |     5 ||     5
  Use: Scroll            |     3 |     7 ||    10
       Potion            |       |     2 ||     2
 Stab: Distracted        |     1 |     1 ||     2
       Sleeping          |     1 |     2 ||     3
       Paralysed         |     1 |       ||     1
  Eat: Ration            |     1 |     1 ||     2
       Chunk             |       |     4 ||     4
Armor: Robe              |    10 |    56 ||    66
Dodge: Dodged            |    22 |   143 ||   165

Table legend:
 A = Spawn XP
 B = Non-spawn XP
 C = Spawn XP percentage of total XP
 D = Spawn monster count
 E = Non-spawn monster count
 F = Spawn count percentage of total count
 G = Total turns spent on level
                    A         B        C        D         E        F      G
               +---------+---------+-------+---------+---------+-------+---------
         Total |       0 |     624 |   0.0 |       0 |      91 |   0.0 |  3638
               +---------+---------+-------+---------+---------+-------+---------
           D:1 |       0 |       8 |   0.0 |       0 |       7 |   0.0 |  1043
           D:2 |       0 |     130 |   0.0 |       0 |      21 |   0.0 |   942
           D:3 |       0 |     161 |   0.0 |       0 |      31 |   0.0 |   951
           D:4 |       0 |     143 |   0.0 |       0 |      12 |   0.0 |   285
           D:6 |       0 |     141 |   0.0 |       0 |       2 |   0.0 |    28
           D:7 |       0 |      22 |   0.0 |       0 |       2 |   0.0 |    19
         Sewer |       0 |      19 |   0.0 |       0 |      16 |   0.0 |   370
               +---------+---------+-------+---------+---------+-------+---------
